 Dungeon Crawl Stone Soup version 0.15-a0-2232-g756d4b8 (console) character file.

107368 MrRokkomies the Fighter (level 16, -60/145 HPs)
             Began as a Red Draconian Warper on July 23, 2014.
             Was the Champion of Ashenzari.
             Annihilated by an enormous slime creature (64 damage)
             ... on Level 14 of the Dungeon on July 25, 2014.
             The game lasted 03:32:39 (44424 turns).

MrRokkomies the Fighter (Red Draconian Warper)     Turns: 44424, Time: 03:32:40

HP -60/145       AC 15     Str 16      XL: 16   Next:  0%
MP  24/28        EV 24     Int 17      God: Ashenzari [******]
Gold 283         SH  0     Dex 15      Spells:  8 memorised,  5 levels left

rFire  + . .     SeeInvis +     T - +1 great sword (freeze)
rCold  + . .     Clarity  +     (armour unavailable)
rNeg   . . .     rCorr    +     (no shield)
rPois  .         rRot     .     I - +0 hat (curse)
rElec  .         Spirit   .     e - +0 cloak (curse)
SustAb .         Warding  .     A - +1 pair of gloves (curse)
rMut   .         Stasis   .     h - +2 pair of boots of the Loofah {Int+3}
Gourm  .                        y - cursed amulet of resist corrosion
MR     +++..                    U - cursed ring of protection from cold
                                r - cursed ring of protection from magic

@: drained, extremely resistant to hostile enchantments, very unstealthy
A: breathe fire, unfitting armour, fire resistance 1, magic resistance 1, wild
magic 1, cold-blooded, AC +9
a: Breathe Fire, Scrying, Transfer Knowledge, Renounce Religion


You were on level 14 of the Dungeon.
You worshipped Ashenzari.
Ashenzari was exalted by your worship.
You were not hungry.

You visited 4 branches of the dungeon, and saw 28 of its levels.
You also visited: Labyrinth.

You collected 2650 gold pieces.
You spent 2367 gold pieces at shops.

Inventory:

Hand weapons
 m - a +3 great sword of holy wrath
 T - a +1 great sword of freezing (weapon)
Missiles
 g - 2 silver tomahawks
 i - 100 stones
 p - 11 javelins
 C - 9 tomahawks (quivered)
 F - 4 throwing nets
 Z - a poisoned tomahawk
Armour
 e - a cursed +0 cloak (worn)
 h - the cursed +2 pair of boots of the Loofah (worn) {Int+3}
   (You bought it in a shop on level 4 of the Orcish Mines)

   It affects your intelligence (+3).
   It has a curse placed upon it.
 A - a cursed +1 pair of gloves (worn)
 I - a cursed +0 hat (worn)
Magical devices
 b - a wand of fire (7)
 c - a wand of disintegration (14)
 d - a wand of digging (10)
 k - a wand of hasting (2)
 o - a wand of enslavement (6)
 t - a wand of frost (4)
 x - a wand of invisibility (2)
 B - a wand of frost (7)
 E - a wand of polymorph (12)
 L - a wand of lightning (1)
 R - a wand of disintegration (10)
 V - a wand of frost (7)
 Y - a wand of magic darts (4)
Comestibles
 a - 4 rotting chunks of centaur flesh
 f - 11 bread rations
 l - 11 meat rations
Scrolls
 q - a scroll of fog
 w - a scroll of curse armour
 D - 5 scrolls of magic mapping
 H - 6 scrolls of blinking
 W - a scroll of teleportation
Jewellery
 r - a cursed ring of protection from magic (left hand)
 u - an uncursed ring of sustain abilities
 y - a cursed amulet of resist corrosion (around neck)
 z - an uncursed amulet of resist mutation
 J - an uncursed ring of protection from fire
 K - an uncursed ring of protection from fire
 S - an uncursed ring of flight
 U - a cursed ring of protection from cold (right hand)
Potions
 j - 2 potions of resistance
 n - 4 potions of brilliance
 s - 9 potions of curing
 G - a potion of cancellation {unknown}
 M - 3 potions of confusion {unknown}
 N - a potion of cure mutation {unknown}
 P - a potion of berserk rage {unknown}
 Q - a potion of lignification {unknown}
 X - a potion of invisibility {unknown}


   Skills:
 * Level 13.9(13.5) Fighting
 * Level 11.8(11.3) Long Blades
 - Level 11.0(10.6) Throwing
 - Level 13.5(17.1) Dodging
 - Level 5.8(5.4) Spellcasting
 - Level 3.2(6.7) Conjurations
 - Level 5.0(9.0) Hexes
 - Level 3.8(7.6) Charms
 - Level 5.0(9.0) Translocations
 - Level 4.8(8.8) Transmutations
 - Level 8.2(12.2) Fire Magic
 - Level 4.0(7.8) Poison Magic


You had 5 spell levels left.
You knew the following spells:

 Your Spells              Type           Power        Failure   Level  Hunger
a - Apportation           Tloc           ######....   2%          1    None
b - Blink                 Tloc           N/A          3%          2    #......
c - Shroud of Golubria    Chrm/Tloc      #####.....   3%          2    #......
d - Portal Projectile     Tloc           ######       4%          3    ###....
e - Dazzling Spray        Conj/Hex       #####...     4%          3    ###....
g - Summon Butterflies    Summ           #.......     26%         1    None
i - Alistair's Intoxicat  Trmt/Pois      #####...     13%         4    ####...
j - Ignite Poison         Fire/Trmt      ######....   16%         5    #####..


Dungeon Overview and Level Annotations

Branches:
Dungeon (15/15)            Temple (0/1) D:6             Orc (4/4) D:12
    Elf (0/3) Orc:4          Lair (8/8) D:8          Shoals (1/5) Lair:4
 Spider (0/5) Lair:4        Slime (0/6) Lair:6       Vaults (0/5) D:14
 Depths: D:15

Altars:
Ashenzari
Elyvilon
Fedhas
Makhleb
Okawaru
Trog
Vehumet
Xom
Yredelemnul

Shops:
D:4 (   D:10 %   D:11 *   D:13 [(   D:14 !   Orc:1 :   Orc:4 *%[*

Annotations:
Lair:2 MrRokkomies' ghost, powerful FoHu
Lair:8 Perunasaurus' ghost, powerful TrTm


Innate Abilities, Weirdness & Mutations

You can breathe blasts of fire.
Your fiery red scales are hard (AC +9).
Your body does not fit into most forms of armour.
Your flesh is heat resistant.
Your cold-blooded metabolism reacts poorly to cold.
You are resistant to hostile enchantments.
Your spells are a little harder to cast, but a little more powerful.


Message History

You hit the enormous slime creature. You freeze the enormous slime creature.
The enormous slime creature is severely wounded.
The enormous slime creature is engulfed in roaring flames.
The enormous slime creature hits you!!!!
Ouch! That really hurt!
* * * LOW HITPOINT WARNING * * *
Casting: Summon Butterflies
Confirm with . or Enter, or press ? or * to list all spells.
You blink.
A yak comes into view.
Evoke which item? (* to show all) (? for menu, Esc to quit)
Zapping:
b - a wand of fire {recharged}
Press: ? - help, Shift-Dir - straight line, f - enormous slime creature
Aim: an enormous slime creature (translocational energy, almost dead)
The bolt of fire hits the enormous slime creature.
The enormous slime creature is almost dead.
Casting: Blink
Confirm with . or Enter, or press ? or * to list all spells.
You blink.
The enormous slime creature hits you!!!
You die...

.##.# #Y# #..........#
.##.############.#
##..###.....#
.............[.[.# #...#
#...... ###.########[##..#
#.#.###.....# #.#
#.##..####.#.......... #.#
#)##.................. #(###
#.##.§####.....#.##.## #...#
#.##.J####.###.#.#.## ###(#
#.##.@§.(...##....####
#.######.##.#####>...........
#.@...##.##.#####J...........
#####.##.##..................
#%##.########............
#.##.# #............ #.##.#
#.....><..... #.##.#
#.....<∩..... #....#
#............


You could see an enormous slime creature and a yak.

Vanquished Creatures
  Rupert (D:14)
  An emperor scorpion (shapeshifter) (D:14)
  A stone giant (Orc:4)
  A dire elephant (Lair:8)
  The ghost of Armakuni the Basher, a powerful HOWn of Makhleb (D:14)
  A minotaur (Lab)
  Fannar (Lair:5)
  11 hydras
  Harold (Lair:6)
  The ghost of casual the Transmogrifier, a powerful TrTm of Okawaru (D:11)
  3 centaur warriors
  A ghost crab (shapeshifter) (D:15)
  Erica (Orc:2)
  4 ogre magi (Orc:4)
  An anaconda (Lair:8)
  4 death yaks
  A tengu warrior (D:13)
  Urug (D:14)
  2 very ugly things (D:15)
  2 unseen horrors
  A skeletal warrior (D:14)
  Erolcha (D:11)
  8 hill giants
  A giant orange brain (D:15)
  An oklob plant (D:13)
  An orc knight (D:14)
  5 griffons
  3 cyclopes (D:14)
  2 manticores
  7 black mambas
  A water nymph (shapeshifter) (D:15)
  36 elephants
  A centaur zombie (D:15)
  Maurice (D:9)
  Joseph (D:14)
  3 gargoyles
  Psyche (D:11)
  19 spiny frogs
  9 komodo dragons
  A hydra zombie (D:13)
  2 wandering mushrooms (D:13)
  A polar bear (Lair:6)
  A minotaur zombie (Lab)
  Sonja (D:14)
  5 trolls
  10 slime creatures (D:14)
  14 two-headed ogres
  2 boulder beetles
  Prince Ribbit (Lair:2)
  A fire drake (Lair:4)
  2 ravens (D:13)
  20 blink frogs
  A basilisk (D:12)
  A trapdoor spider (Lab)
  A spriggan (shapeshifter) (D:13)
  A vampire (D:13)
  2 water elementals (D:13)
  A deep elf mage (D:13)
  A wyvern (D:11)
  9 ugly things
  17 humans
  3 vampire mosquitoes (D:14)
  A warg (Orc:1)
  15 hippogriffs
  36 yaks
  4 hungry ghosts
  17 porcupines
  Menkaure (D:6)
  A human zombie (D:11)
  24 wolves
  10 orc warriors
  2 ice beasts
  A mottled dragon (D:12)
  13 water moccasins
  A soldier ant (D:13)
  2 spiders (D:13)
  2 black bears
  3 yellow wasps
  3 phantoms
  27 ogres
  12 centaurs
  3 sky beasts
  12 crocodiles
  A big kobold (D:11)
  2 boring beetles
  17 giant frogs
  2 gnoll sergeants
  A hippogriff zombie (D:10)
  7 scorpions
  15 killer bees
  3 electric eels
  A yak skeleton (D:9)
  A troll skeleton (D:8)
  7 crimson imps
  An oklob sapling (D:13)
  A kobold zombie (D:11)
  19 hounds
  2 two-headed ogre zombies
  A goliath beetle (Lair:4)
  4 jellies
  A basilisk zombie (D:14)
  3 giant frog zombies
  9 iguanas
  Crazy Yiuf (D:3)
  2 centaur skeletons
  2 gnoll shamans
  22 orc priests
  31 orc wizards
  30 sheep
  12 worker ants
  2 worker ant zombies
  36 adders
  21 gnolls
  14 green rats
  4 giant mites
  3 worms
  4 shadow imps
  4 orc zombies
  5 oozes
  156 orcs
  11 ball pythons
  A bat zombie (D:5)
  9 giant cockroaches
  17 goblins
  20 hobgoblins
  17 quokkas
  17 bats
  3 giant geckos
  4 giant newts
  2 giant spores
  A hobgoblin zombie (D:5)
  A jackal zombie (D:8)
  10 kobolds
  17 rats
  A rat skeleton (D:8)
  8 ballistomycetes
  3 fungi
  3 plants
1022 creatures vanquished.

Vanquished Creatures (others)
  2 death yaks (Lair:6)
  A dancing weapon (Orc:1)
  A water moccasin (Lair:6)
  An orc warrior (Orc:2)
  A quokka (D:4)
  2 giant spores
  2 ballistomycetes (D:14)
  2 bushes
  6 butterflies
  57 fungi
  24 plants
99 creatures vanquished.

Grand Total: 1121 creatures vanquished

Notes
Turn   | Place    | Note
--------------------------------------------------------------
     0 | D:1      | MrRokkomies, the Draconian Warper, began the quest for the Orb.
     0 | D:1      | Reached XP level 1. HP: 17/17 MP: 3/3
     8 | D:1      | Reached skill level 1 in Throwing
   183 | D:1      | Reached XP level 2. HP: 22/24 MP: 4/4
   187 | D:1      | Learned a level 2 spell: Blink
   190 | D:1      | Learned a level 2 spell: Shroud of Golubria
   673 | D:1      | Reached XP level 3. HP: 29/29 MP: 6/6
  1169 | D:2      | Reached XP level 4. HP: 29/36 MP: 7/7
  2137 | D:3      | Reached XP level 5. HP: 41/41 MP: 9/9
  2146 | D:3      | Noticed a centaur
  2159 | D:3      | Killed a centaur
  2159 | D:3      | Reached skill level 4 in Long Blades
  2359 | D:3      | Found a burning altar of Makhleb.
  2665 | D:3      | Noticed Crazy Yiuf
  2671 | D:3      | Killed Crazy Yiuf
  2901 | D:4      | Reached XP level 6. HP: 46/48 MP: 10/10
  2995 | D:4      | Found Rigeas Edem's Weapon Boutique.
  3013 | D:4      | Reached skill level 5 in Long Blades
  3160 | D:4      | Found a white marble altar of Elyvilon.
  3660 | D:5      | Entered Level 5 of the Dungeon
  3727 | D:5      | Your scales start taking on a fiery red colour.
  3727 | D:5      | Gained mutation: Your flesh is heat resistant. [draconian maturity]
  3727 | D:5      | Reached XP level 7. HP: 35/55 MP: 12/12
  3757 | D:5      | Reached skill level 5 in Throwing
  3945 | D:5      | Learned a level 3 spell: Portal Projectile
  4087 | D:5      | Reached skill level 6 in Long Blades
  4508 | D:5      | Found a shattered altar of Ashenzari.
  4703 | D:5      | Became a worshipper of Ashenzari the Shackled
  4719 | D:5      | Reached XP level 8. HP: 44/61 MP: 13/13
  5004 | D:5      | Learned a level 3 spell: Dazzling Spray
  5082 | D:6      | Found a radiant altar of Vehumet.
  5267 | D:6      | Found an iron altar of Okawaru.
  5306 | D:6      | Found a staircase to the Ecumenical Temple.
  5481 | D:6      | Found a blossoming altar of Fedhas.
  5504 | D:6      | Reached skill level 7 in Long Blades
  5727 | D:6      | Noticed Menkaure
  5760 | D:6      | Killed Menkaure
  6537 | D:7      | Found a basalt altar of Yredelemnul.
  6552 | D:7      | Reached skill level 8 in Long Blades
  6694 | D:7      | Found a basalt altar of Yredelemnul.
  6860 | D:7      | Reached XP level 9. HP: 39/67 MP: 14/14
  7441 | D:7      | Found a shimmering altar of Xom.
  7772 | D:7      | Reached skill level 9 in Long Blades
  8387 | D:8      | Found a staircase to the Lair.
  8403 | Lair:1   | Entered Level 1 of the Lair of Beasts
  9058 | D:8      | Reached skill level 10 in Long Blades
  9841 | D:9      | Reached XP level 10. HP: 10/73 MP: 16/16
 10171 | D:9      | Noticed Maurice
 10212 | D:9      | Killed Maurice
 10429 | D:9      | Identified the Almanac of Wyrd
 10432 | D:9      | Learned a level 1 spell: Flame Tongue
 11763 | D:9      | Reached skill level 10 in Throwing
 12140 | Lair:1   | Noticed a black mamba
 12149 | Lair:1   | Killed a black mamba
 12742 | Lair:1   | Noticed a spiny frog
 12750 | Lair:1   | Killed a spiny frog
 12933 | Lair:1   | Reached skill level 5 in Fighting
 12985 | Lair:1   | Noticed a komodo dragon
 12991 | Lair:1   | Killed a komodo dragon
 13348 | Lair:1   | Noticed a spiny frog
 13356 | Lair:1   | Killed a spiny frog
 13356 | Lair:1   | Reached skill level 5 in Dodging
 13492 | Lair:1   | Noticed a six-headed hydra
 13501 | Lair:1   | Killed a six-headed hydra
 13501 | Lair:1   | Reached XP level 11. HP: 89/91 MP: 17/17
 13693 | Lair:1   | Acquired Ashenzari's first power
 14402 | Lair:2   | Noticed MrRokkomies' ghost (powerful FoHu)
 14943 | Lair:2   | Noticed Prince Ribbit
 16047 | Lair:2   | Killed Prince Ribbit
 17840 | Lair:3   | Reached skill level 10 in Fighting
 17840 | Lair:3   | Reached XP level 12. HP: 102/106 MP: 18/18
 17957 | Lair:4   | Found a staircase to the Shoals.
 18050 | Shoals:1 | Entered Level 1 of the Shoals
 18170 | Lair:4   | Found a hole to the Spider Nest.
 18759 | Lair:4   | Acquired Ashenzari's second power
 19001 | Lair:4   | Reached skill level 5 in Translocations
 19080 | Lair:4   | Reached skill level 1 in Charms
 20086 | Lair:5   | Identified the +0 helmet of Zadwil {Str+5 Dex+3}
 20278 | Lair:5   | Noticed Fannar
 20321 | Lair:5   | Killed Fannar
 20807 | Lair:5   | Reached skill level 10 in Dodging
 21220 | Lair:5   | Reached skill level 1 in Fire Magic
 21540 | Lair:5   | Identified the +10 cutlass "Eliedidoa" {freeze, +Inv rElec rPois}
 22813 | Lair:6   | Found a staircase to the Slime Pits.
 22834 | Lair:6   | Reached skill level 5 in Fire Magic
 22940 | Lair:6   | Noticed Harold
 23208 | Lair:6   | Reached XP level 13. HP: 111/113 MP: 19/19
 23867 | Lair:6   | Reached skill level 11 in Dodging
 24622 | Lair:6   | Killed Harold
 24807 | Lair:6   | Noticed a seven-headed hydra
 24832 | Lair:6   | Killed a seven-headed hydra
 25279 | Lair:6   | Found a bloodstained altar of Trog.
 25316 | Lair:6   | Reached skill level 1 in Hexes
 25875 | Lair:7   | Found a labyrinth entrance.
 25883 | Lab      | Entered a labyrinth
 26776 | Lab      | Identified a cursed +9 rod of shadows (14/14)
 26787 | Lab      | Reached skill level 12 in Dodging
 26790 | Lab      | Identified a cursed +4 rod of destruction (9/9)
 26790 | Lab      | Identified a +0 rod of striking (11/11)
 27438 | Lair:7   | Acquired Ashenzari's third power
 28087 | Lair:7   | Gained mutation: You are resistant to hostile enchantments. [potion of beneficial mutation]
 29145 | Lair:7   | Reached skill level 5 in Hexes
 29505 | Lair:6   | Reached XP level 14. HP: 37/121 MP: 12/21
 30117 | D:10     | Entered Level 10 of the Dungeon
 30702 | D:10     | Paralysed by a yellow wasp for 2 turns
 30998 | D:10     | Found Koypsoumm's Food Emporium.
 31220 | D:11     | Noticed casual's ghost (powerful TrTm)
 31235 | D:11     | Killed casual's ghost
 31262 | D:11     | Reached skill level 13 in Dodging
 31556 | D:11     | Noticed Psyche
 31562 | D:11     | Killed Psyche
 31618 | D:11     | Found Meafijaj's Assorted Antiques.
 31628 | D:11     | Bought a scroll of identify for 48 gold pieces
 31628 | D:11     | Bought a glowing great sword for 156 gold pieces
 31628 | D:11     | Bought a scroll of enchant weapon for 180 gold pieces
 31643 | D:11     | Paralysed by a yellow wasp for 3 turns
 31816 | D:11     | Noticed Joseph
 31877 | D:11     | HP: 6/121 [centaur/arrow (8)]
 32382 | D:11     | Noticed Erolcha
 32388 | D:11     | Killed Erolcha
 32810 | D:11     | Reached skill level 5 in Spellcasting
 32920 | D:11     | Acquired Ashenzari's fourth power
 32999 | D:11     | Reached skill level 1 in Conjurations
 33257 | D:12     | Found a staircase to the Orcish Mines.
 34498 | Orc:1    | Entered Level 1 of the Orcish Mines
 34612 | Orc:1    | Found Silutiw's Book Shop.
 34616 | Orc:1    | Bought a book of Party Tricks for 700 gold pieces
 34619 | Orc:1    | Learned a level 1 spell: Summon Butterflies
 34623 | Orc:1    | Learned a level 3 spell: Tukima's Dance
 34628 | Orc:1    | Learned a level 4 spell: Alistair's Intoxication
 34920 | Orc:2    | Noticed Erica
 34932 | Orc:2    | Killed Erica
 34932 | Orc:2    | Reached skill level 1 in Transmutations
 35647 | Orc:1    | Bought a book of Wizardry for 420 gold pieces
 36007 | Lair:8   | Entered Level 8 of the Lair of Beasts
 36228 | Lair:8   | Gained mutation: Your spells are a little harder to cast, but a little more powerful. [potion of beneficial mutation]
 36989 | Lair:8   | Noticed Perunasaurus' ghost (powerful TrTm)
 37602 | Lair:8   | Reached XP level 15. HP: 111/130 MP: 27/27
 37741 | Lair:8   | Reached skill level 1 in Poison Magic
 38063 | Lair:1   | Learned a level 5 spell: Ignite Poison
 38596 | Orc:4    | Entered Level 4 of the Orcish Mines
 38596 | Orc:4    | Found a staircase to the Elven Halls.
 39680 | Orc:4    | Found Kyuc's Antique Armour Boutique.
 39681 | Orc:4    | Found Guduhuicac's Assorted Antiques.
 39681 | Orc:4    | Found Guaptada's General Store.
 39681 | Orc:4    | Found Daidaof's Food Boutique.
 40047 | Orc:4    | Bought a pair of shimmering boots for 323 gold pieces
 40054 | Orc:4    | Identified the +2 pair of boots of the Loofah {Int+3} (You bought it in a shop on level 4 of the Orcish Mines)
 40055 | Orc:4    | Bought a +3 great sword of holy wrath for 430 gold pieces
 40437 | D:13     | Found Kait's Armour Boutique.
 41207 | D:13     | Found Pubbuc's Weapon Boutique.
 41320 | D:14     | Noticed Sonja
 41339 | D:14     | Upgraded the game from 0.15-a0-2198-g7f377d1 to 0.15-a0-2232-g756d4b8
 41482 | D:14     | Noticed Armakuni's ghost (powerful HOWn)
 41506 | D:14     | Killed Armakuni's ghost
 41801 | D:14     | Killed Joseph
 41927 | D:14     | Noticed Urug
 42370 | D:14     | Noticed Rupert
 42428 | D:14     | Paralysed by Rupert for 7 turns
 42439 | D:14     | Killed Rupert
 42920 | D:14     | Killed Urug
 43255 | D:14     | Found Igehaku's Distillery.
 43613 | D:14     | Bought 2 potions of degeneration for 68 gold pieces
 43613 | D:14     | Bought a potion of mutation for 42 gold pieces
 44005 | D:14     | Killed Sonja
 44063 | D:14     | Found a gate to the Vaults.
 44109 | D:15     | Entered Level 15 of the Dungeon
 44371 | D:15     | Reached XP level 16. HP: 132/145 MP: 28/28
 44421 | D:14     | HP: 3/145 [enormous slime creature (86)]
 44424 | D:14     | Annihilated by an enormous slime creature

Action                   |  1- 3 |  4- 6 |  7- 9 | 10-12 | 13-15 | 16-18 || total
-------------------------+-------+-------+-------+-------+-------+-------++-------
Melee: Falchion          |    79 |       |       |       |       |       ||    79
       Short sword       |    16 |   168 |   544 |   754 |       |       ||  1482
       Long sword        |       |       |       |   257 |   891 |       ||  1148
       Great sword       |       |       |       |       |  1180 |    11 ||  1191
 Fire: Blowgun           |       |       |       |    59 |       |       ||    59
Throw: Tomahawk          |     9 |    10 |    63 |    90 |   377 |     1 ||   550
       Stone             |     5 |     9 |    27 |     4 |    36 |       ||    81
       Javelin           |       |       |       |    31 |    20 |       ||    51
       Throwing net      |       |       |       |     1 |     2 |       ||     3
 Cast: Shroud of Golubri |     3 |     3 |       |    14 |    58 |       ||    78
       Blink             |       |       |       |    12 |    21 |     3 ||    36
       Tukima's Dance    |       |       |       |       |     5 |       ||     5
       Portal Projectile |       |       |       |       |    12 |       ||    12
       Dazzling Spray    |       |       |       |       |     2 |       ||     2
       Summon Butterflie |       |       |       |       |     3 |     1 ||     4
       Ignite Poison     |       |       |       |       |     5 |       ||     5
       Alistair's Intoxi |       |       |       |       |     5 |       ||     5
       Apportation       |       |       |       |       |     3 |       ||     3
 Abil: Breathe Fire      |       |       |    19 |    31 |    40 |     1 ||    91
Evoke: Wand              |       |       |     1 |    10 |    29 |     1 ||    41
  Use: Scroll            |     6 |     2 |    11 |    12 |    23 |       ||    54
       Potion            |       |       |     1 |     6 |     7 |       ||    14
 Stab: Sleeping          |       |     1 |       |     1 |     1 |       ||     3
       Distracted        |       |       |       |     1 |     3 |       ||     4
       Held in net/web   |       |       |       |     1 |       |       ||     1
       Confused          |       |       |       |       |     3 |       ||     3
  Eat: Chunk             |     1 |     8 |    23 |    40 |    38 |       ||   110
       Royal jelly       |       |       |     1 |       |       |       ||     1
       Beef jerky        |       |       |       |     2 |     2 |       ||     4
       Fruit             |       |       |       |     7 |    10 |       ||    17
       Meat ration       |       |       |       |       |     3 |       ||     3
       Bread ration      |       |       |       |       |     5 |       ||     5
       Pizza             |       |       |       |       |     1 |       ||     1
